 Dungeon Crawl Stone Soup version 0.27-a0-1202-ge72e49191c (webtiles) character file.

Game seed: 14495982947057270801

256 bande the Shield-Bearer (level 6, -2/38 HPs)
             Began as a Gargoyle Fighter on June 4, 2021.
             Slain by a gnoll
             ... wielding a +0 flail
              (8 damage)
             ... on level 3 of the Dungeon.
             The game lasted 00:04:19 (3692 turns).

bande the Shield-Bearer (Gargoyle Fighter)          Turns: 3692, Time: 00:04:20

Health: -2/38      AC: 16    Str: 21    XL:     6   Next: 16%
Magic:  6/6        EV:  4    Int:  8    God:
Gold:   122        SH:  9    Dex: 10    Spells: 5/5 levels left

rFire    . . .     SeeInvis .   a - +1 war axe
rCold    + . .     Faith    .   c - +0 kite shield
rNeg     + . .     Spirit   .   g - +0 plate armour
rPois    ∞         Reflect  .   (no helmet)
rElec    +         Harm     .   (no cloak)
rCorr    .         Rampage  .   (no gloves)
Will     .....                  (no boots)
Stlth    ..........             (no amulet)
HPRegen  0.12/turn              h - ring of protection from cold
MPRegen  0.10/turn              (no ring)

@: no status effects
A: sickness immunity, AC +4, negative energy resistance 1, electricity
resistance, torment resistance 1, petrification resistance
a: no special abilities


You were on level 3 of the Dungeon.
You visited 1 branch of the dungeon, and saw 4 of its levels.

You collected 122 gold pieces.

Inventory:

Hand Weapons
 a - a +1 war axe (weapon)
 m - a +0 flail
Armour
 c - a +0 kite shield (worn)
 g - a +0 plate armour (worn)
Jewellery
 h - a ring of protection from cold (left hand)
Scrolls
 b - a scroll of silence
 f - a scroll of amnesia
Potions
 d - a potion of might
 e - a potion of berserk rage
 j - 2 potions of magic {unknown}
 k - a potion of cancellation
 l - 2 potions of degeneration {unknown}
 n - a potion of brilliance
 o - a potion of curing {unknown}


   Skills:
 + Level 4.2 Fighting
 + Level 3.9 Axes
 + Level 4.1 Armour
 + Level 0.6 Dodging
 + Level 4.4 Shields


You had 5 spell levels left.
You didn't know any spells.
Your spell library was empty.

Dungeon Overview and Level Annotations

Branches:
Dungeon (4/15)
 Temple: D:4-7

Altars:


Innate Abilities, Weirdness & Mutations

You are immune to sickness and miasma.
Your stone body is resilient. (AC +4)
You are immune to poison.
You resist negative energy. (rN+)
You are resistant to electric shocks. (rElec)
You are resistant to unholy torment.
You are immune to petrification.


Message History

There is a stone staircase leading down here.
Unknown command.
You slash the orc!
You kill the orc!
You barely miss the ball python. You barely miss the gnoll.
You block the ball python's attack. The ball python grabs you.
The ball python constricts you. The gnoll hits you with a +0 whip.
The ball python bites you but does no damage.
The ball python constricts you.
You escape the ball python's grasp.
You block the gnoll's attack. The gnoll hits you but does no damage.
Things that are here:
a +0 flail; a +0 dagger; an orc corpse Unknown command.
You slash the gnoll!
The gnoll is severely wounded.
You hit the gnoll. You barely miss the ball python.
You block the ball python's attack. The ball python grabs you.
The ball python constricts you. You block the gnoll's attack.
The gnoll hits you with a +0 whip.
* * * LOW HITPOINT WARNING * * *
The ball python bites you but does no damage.
The ball python constricts you. The gnoll hits you with a +0 flail.
* * * LOW HITPOINT WARNING * * *
You block the gnoll's attack.
You barely miss the gnoll.
The gnoll is severely wounded.
You barely miss the ball python. You slash the gnoll!
The ball python bites you but does no damage.
The ball python constricts you. The gnoll hits you but does no damage.
You block the gnoll's attack. The ball python bites you.
* * * LOW HITPOINT WARNING * * *
The ball python constricts you.
You hit the gnoll.
The gnoll is almost dead.
You closely miss the gnoll. You hit the ball python.
You kill the ball python!
The gnoll hits you but does no damage. You block the gnoll's attack.
The gnoll hits you with a +0 flail!
You die...

#.#
#..#<.##.######......
#.# #..##.##.# #...###
#########.# ##.......#
#...#..
..........####..#.####
#...#..
##...##.........#.#
#...#..
##...##.#######...#
#...#.. ##..)##.#
#...# #...#..
##...##.#######gg)#
#...#..
##...##.........@>#
#####..
##........#####.###
### ####...†..#
##'############ #
#......#
#......##.....#
####......#
#......##.....#
.(........#
#......##.....#
####......#
##.######.....# #
#......#
#......'.....# #
#......#
########.....#


You could see 2 gnolls.

Vanquished Creatures
  A scorpion (D:3)
  A hound (D:3)
  2 iguanas
  A hound zombie (D:3)
  2 gnolls (D:3)
  An adder (D:3)
  2 worms (D:2)
  4 dart slugs
  4 orcs (D:3)
  3 ball pythons
  7 endoplasms
  A giant cockroach (D:1)
  3 goblins
  4 hobgoblins (D:1)
  8 jackals
  A quokka (D:2)
  4 bats
  6 frilled lizards
  4 kobolds
  7 rats
66 creatures vanquished.

Notes
Turn   | Place    | Note
-------+----------+-------------------------------------------
     0 | D:1      | bande the Gargoyle Fighter began the quest for the Orb.
     0 | D:1      | Reached XP level 1. HP: 14/14 MP: 1/1
   439 | D:1      | Reached XP level 2. HP: 19/19 MP: 2/2
  1011 | D:1      | Reached XP level 3. HP: 21/23 MP: 3/3
  2085 | D:3      | Reached XP level 4. HP: 27/28 MP: 4/4
  2534 | D:3      | Reached XP level 5. HP: 33/33 MP: 5/5
  3349 | D:4      | Reached XP level 6. HP: 7/38 MP: 6/6
  3692 | D:3      | Slain by a gnoll

Illustrated notes

Levels and vault maps discovered:
D:1:      lemuel_arrival_funnel, layout_basic, chequers_serial_rivers_marsh,
          grunt_decor_arrowhead, minmay_misc_feat_plants
D:2:      layout_loops_cross
D:3:      layout_basic, minmay_unequal
D:4:      layout_rooms, gammafunk_temple_overflow_wave, dk_noncrumbling_4,
          saegor_snake_ambush

Skill      XL: |  1  2  3  4  5 |
---------------+----------------+-----
Axes           | 2 3 |  3.9
Shields        | 4 |  4.4
Armour         | 4 |  4.1
Fighting       | 4 |  4.2
Dodging        | |  0.6

Action                   |  1- 3 |  4- 6 || total
-------------------------+-------+-------++-------
Melee: War axe           |   112 |   104 ||   216
  Use: Scroll            |     5 |     3 ||     8
Armor: Scale mail        |     7 |       ||     7
       Plate armour      |    65 |    92 ||   157
Dodge: Dodged            |    15 |    19 ||    34
Block: Kite shield       |    47 |    87 ||   134

Table legend: (Time is in decaauts)
 A = Elapsed time spent in this place.
 B = Non-inter-level travel time spent in this place.
 C = Inter-level travel time spent in this place.
 D = Time resting spent in this place.
 E = Time spent auto-exploring this place.
 F = Levels seen in this place.
 G = Mean time per level.
                   A        B        C        D        E       F      G
               +--------+--------+--------+--------+--------+-----+--------+
         Total |   3823 |   3773 |     50 |    773 |   2394 |   4 |  955.8 |
       Dungeon |   3823 |   3773 |     50 |    773 |   2394 |   4 |  955.8 |
               +--------+--------+--------+--------+--------+-----+--------+

Top non-repeatable levels by time:
     D:3: 1604 daAuts
     D:1: 1281 daAuts
     D:2: 854 daAuts
     D:4: 82 daAuts
